 Dungeon Crawl Stone Soup version 0.30-a0-897-ga2f19c967e (webtiles) character file.

Game seed: 10036092748854897553

11536 CrazyBamboolord the Martial Artist (level 11, -2/88 HPs)
             Began as a Merfolk Transmuter on Mar 18, 2023.
             Was a High Priest of Hepliaklqana.
             Slain by a jumping spider (12 damage)
             ... on level 2 of the Lair of Beasts.
             The game lasted 00:33:04 (13784 turns).

CrazyBamboolord the Martial Artist (MfTm)          Turns: 13784, Time: 00:33:05

Health: -2/88      AC:  7    Str: 13    XL:     11   Next: 79%
Magic:  16/20      EV: 14    Int: 14    God:    Hepliaklqana [*****.]
Gold:   844        SH:  0    Dex: 15    Spells: 6/23 levels left

rFire   x . .      SeeInvis .      - Unarmed
rCold   + + +      Faith    .    (shield currently unavailable)
rNeg    . . .      Spirit   .    H - melded +0 steam dragon scales
rPois   +          Reflect  .    (helmet currently unavailable)
rElec   .          Rampage  .    g - melded +2 cloak
rCorr   +                        E - melded +2 pair of gloves
Will    .....                    d - melded +0 pair of boots
Stlth   +++                      K - amulet of the acrobat
HPRegen 0.34/turn                j - ring of resist corrosion
MPRegen 0.17/turn                (no ring)

@: ice-form
A: freezing attack, boosted hp, reduced essence, large, (nimble swimmer 2),
(mertail)
a: End Transformation, Renounce Religion, Recall Ancestor, Ancestor Identity,
Transference, Idealise


You were on level 2 of the Lair of Beasts.
You worshipped Hepliaklqana.
Hepliaklqana was extremely pleased with you.
You were a creature of crystalline ice.
You visited 3 branches of the dungeon, and saw 13 of its levels.
You also visited: Ossuary.

You collected 844 gold pieces.

Inventory:

Missiles
 a - a throwing net
Armour
 d - a +0 pair of boots (melded)
 g - a +2 cloak (melded)
 l - a scarf of shadows
 x - an orb of guile
 E - a +2 pair of gloves (melded)
 H - +0 steam dragon scales (melded)
Jewellery
 j - a ring of resist corrosion (left front paw)
 B - a ring of fire
 K - an amulet of the acrobat (around neck)
Wands
 u - a wand of flame (61)
 y - a wand of polymorph (15)
 J - a wand of mindburst (34)
 R - a wand of acid (2)
 S - a wand of roots (3)
 T - a wand of paralysis (1)
Scrolls
 b - a scroll of amnesia
 e - 7 scrolls of teleportation
 f - a scroll of fear
 i - a scroll of summoning
 k - 3 scrolls of poison
 m - 2 scrolls of magic mapping
 q - a scroll of torment {unknown}
 r - 4 scrolls of vulnerability
 z - 3 scrolls of fog
 C - a scroll of silence {unknown}
 D - 3 scrolls of noise
 F - a scroll of enchant weapon {unknown}
 N - 2 scrolls of immolation
 O - a scroll of brand weapon {unknown}
 Q - a scroll of enchant armour
Potions
 c - 6 potions of degeneration
 n - a potion of attraction
 o - 5 potions of might
 p - a potion of berserk rage {unknown}
 s - 9 potions of heal wounds
 t - 2 potions of haste
 v - 2 potions of mutation
 w - 3 potions of cancellation
 A - a potion of lignification
 G - 4 potions of curing
 I - a potion of resistance {unknown}
 L - 2 potions of ambrosia
 M - 5 potions of brilliance
Miscellaneous
 P - a box of beasts


   Skills:
 * Level 6.4 Fighting
 * Level 9.0 Dodging
 + Level 4.6 Stealth
 * Level 11.2 Unarmed Combat
 * Level 6.5 Spellcasting
 * Level 8.0 Transmutations
 * Level 5.5 Ice Magic
 * Level 6.1 Poison Magic
 * Level 3.3 Invocations


You had 6 spell levels left.
You knew the following spells:

 Your Spells              Type           Power      Damage    Failure   Level
a - Beastly Appendage     Tmut           54%        N/A       1%          1
b - Wereblood             Tmut           27%        N/A       1%          2
c - Spider Form           Tmut/Pois      24%        N/A       2%          3
d - Ice Form              Ice/Tmut       23%        N/A       9%          4
e - Alistair's Intoxicat  Tmut/Pois      16%        N/A       22%         5
f - Passwall              Tmut/Erth      12%        N/A       4%          2

Your spell library contained the following spells:

 Spells                   Type           Power      Damage    Failure   Level
 Ignite Poison            Fire/Tmut/Pois 17%        N/A       6%          3
 Apportation              Tloc           8%         N/A       16%         1
 Sandblast                Erth           8%         2d5       16%         1
 Call Canine Familiar     Summ           4%         N/A       41%         3
 Portal Projectile        Hex/Tloc       8%         N/A       41%         3
 Stone Arrow              Conj/Erth      8%         3d7       41%         3
 Animate Dead             Necr           4%         N/A       83%         4
 Leda's Liquefaction      Hex/Erth       2%         N/A       83%         4
 Sticky Flame             Conj/Fire      4%         2d3       83%         4
 Borgnjor's Vile Clutch   Necr/Erth      2%         N/A       99%         5
 Death Channel            Necr           2%         N/A       100%        6
 Ignition                 Fire           2%         3d3       100%        8


Dungeon Overview and Level Annotations

Branches:
Dungeon (10/15)            Temple (1/1) D:5            Lair (2/5) D:9
 Spider (0/4) Lair:2      Ossuary (visited)
  Swamp: Lair:2-3    Shoals: Lair:2-3       Orc: D:9-12

Altars:
Ashenzari
Cheibriados
Dithmenos
Elyvilon
Fedhas
Gozag
Hepliaklqana
Kikubaaqudgha
Makhleb
Nemelex Xobeh
Okawaru
Qazlal
Ru
Sif Muna
Trog
Uskayaw
Vehumet
Wu Jian
Xom
Yredelemnul
Zin
The Shining One


Innate Abilities, Weirdness & Mutations

You are a creature of crystalline ice.
You have a powerful freezing melee attack.
Your maximum health is increased.
Your armour is entirely melded.
You are incapable of wielding weapons or throwing items.
Your life essence is reduced to manifest your ancestor. (-10% HP)
((You are very nimble when in or above water. (Stealth+, EV+, Speed+++)))
((Your lower body shifts to a powerful aquatic tail in water.))


Message History

Shedsu-nefertum passes through a web.
The jumping spider completely misses you.
The jumping spider barely misses you.
Shedsu-nefertum passes through a web.
The culicivora attacks as you move away!
The culicivora closely misses you.
The culicivora bites Shedsu-nefertum.
Shedsu-nefertum completely misses the jumping spider.
The jumping spider leaps!
The wolf spider hits you. The wolf spider completely misses you.
Casting: Beastly Appendage (safe; 1% risk of failure)
Confirm with . or Enter, or press ? or * to list all spells.
Your horns disappear.
Your +0 pair of boots unmelds from your body.
You turn into a creature of crystalline ice.
Your +2 cloak melds into your body.
Your +2 pair of gloves melds into your body.
Your +0 pair of boots melds into your body.
Your +0 steam dragon scales melds into your body.
The wolf spider hits you! The wolf spider bites you!
The culicivora barely misses Shedsu-nefertum.
Shedsu-nefertum passes through a web.
You punch the wolf spider! You freeze the wolf spider.
The wolf spider is moderately wounded.
The wolf spider hits you. The wolf spider bites you.
The jumping spider leaps!
You hit the wolf spider. You freeze the wolf spider.
The wolf spider is moderately wounded.
The wolf spider hits you!
The wolf spider bites you but does no damage.
The jumping spider leaps!
Shedsu-nefertum passes through a web.
The wolf spider hits you!
* * * LOW HITPOINT WARNING * * *
The wolf spider bites you!
* * * LOW HITPOINT WARNING * * *
The culicivora completely misses you.
Blink to where?
Press: ? - help, Dir - move target
As you read the scroll of blinking, it crumbles to dust.
The jumping spider pounces on you!
You die...

### #### #####.# ###
#.##########YP####.#.#.####..
.........°..s................
P#.....#..#(.............
##.....#.#..####.###P....
##^s§##...#..###.####.....
###^^s##.....#.##......#....
#^.^^[#.....##..............
..
#^^.R##.....##.##.....##....
...
#..^^^#.###..##........#.....


You could see a wolf spider, a culicivora and a jumping spider.

Vanquished Creatures
  A two-headed ogre (D:10)
  Amaemon (Lair:2)
  Maurice (D:8)
  2 komodo dragons
  A polar bear (Lair:2)
  A blink frog (Lair:2)
  3 shadows (D:10)
  2 wyverns
  A basilisk (Lair:2)
  7 yaks
  A redback (Lair:2)
  3 water moccasins
  A black bear (D:4)
  4 wolves (Lair:1)
  4 centaurs
  A phantom (D:3)
  2 scorpions
  2 bullfrogs (D:7)
  4 wights (D:8)
  6 killer bees (D:8)
  2 howler monkeys (D:9)
  2 hounds (D:5)
  A gnoll bouda (D:7)
  2 orc priests
  4 orc wizards
  A sleepcap (D:6)
  10 iguanas
  3 hell rats (Lair:1)
  A mummy (D:9)
  4 gnolls
  8 adders
  A shadow imp (D:6)
  A white imp (D:4)
  An ufetubus (D:5)
  4 worms
  3 dart slugs (D:1)
  17 orcs
  6 bats
  5 endoplasms
  2 giant cockroaches
  6 goblins
  11 hobgoblins
  4 quokkas
  6 ball pythons
  4 frilled lizards
  3 gnoll skeletons (Ossuary)
  6 goblin skeletons (Ossuary)
  5 goblin zombies (Ossuary)
  3 hobgoblin skeletons (Ossuary)
  3 hobgoblin zombies (Ossuary)
  13 kobolds
  A kobold skeleton (Ossuary)
  3 kobold zombies (Ossuary)
  2 rats
  2 rat skeletons (Ossuary)
  2 rat zombies (Ossuary)
200 creatures vanquished.

Vanquished Creatures (collateral kills)
  An orange demon (Lair:2)
  2 cane toads
  An unseen horror (D:10)
  A kobold demonologist (D:9)
  A polar bear (Lair:1)
  5 blink frogs
  2 shadows
  A wyvern (D:10)
  2 yaks
  2 steam dragons
  Menkaure (Ossuary)
  An orc warrior (D:9)
  A kobold brigand (D:8)
  2 gnoll sergeants
  A wight (D:8)
  A howler monkey (D:9)
  An orc priest (D:10)
  3 orc wizards
  3 hell rats (Lair:1)
  3 mummies (Ossuary)
  8 gnolls
  9 orcs
  3 kobolds (D:8)
  A gnoll skeleton (Ossuary)
  2 goblin skeletons (Ossuary)
  A goblin zombie (Ossuary)
  3 hobgoblin skeletons (Ossuary)
  4 hobgoblin zombies (Ossuary)
  A kobold skeleton (Ossuary)
  3 kobold zombies (Ossuary)
  3 orc skeletons (Ossuary)
  2 orc zombies (Ossuary)
  2 rat zombies (Ossuary)
77 creatures vanquished.

Vanquished Creatures (others)
  4 battlemagi
  2 ancestors (D:7)
  3 fungi
  5 plants
14 creatures vanquished.

Grand Total: 291 creatures vanquished

Notes
Turn   | Place    | Note
-------+----------+-------------------------------------------
     0 | D:1      | CrazyBamboolord the Merfolk Transmuter began the quest for
                  | the Orb.
     0 | D:1      | Reached XP level 1. HP: 15/15 MP: 3/3
   221 | D:1      | Reached XP level 2. HP: 10/21 MP: 3/5
   549 | D:1      | Reached skill level 4 in Unarmed Combat
   591 | D:1      | Reached XP level 3. HP: 26/26 MP: 4/6
   606 | D:1      | Learned a level 2 spell: Wereblood
   610 | D:1      | Learned a level 3 spell: Spider Form
  1260 | D:2      | Reached XP level 4. HP: 23/32 MP: 5/7
  2650 | D:3      | Found a burning altar of Makhleb.
  2802 | D:4      | Noticed a phantom
  2836 | D:3      | Killed a phantom
  2837 | D:3      | Reached skill level 5 in Unarmed Combat
  2837 | D:3      | Reached skill level 1 in Poison Magic
  2837 | D:3      | Reached XP level 5. HP: 10/39 MP: 9/9
  3021 | D:4      | Noticed a black bear
  3026 | D:4      | Found an ancient bone altar of Kikubaaqudgha.
  3033 | D:4      | Killed a black bear
  3034 | D:4      | Reached XP level 6. HP: 36/46 MP: 4/10
  3667 | D:4      | Found a radiant altar of Vehumet.
  4197 | D:5      | Entered Level 5 of the Dungeon
  4229 | D:5      | Reached XP level 7. HP: 32/51 MP: 12/12
  4356 | D:5      | Found a glowing golden altar of the Shining One.
  4687 | D:5      | Identified the +3 spear "Pibrosag" {freeze, Dex+5}
  4752 | D:5      | Reached skill level 6 in Unarmed Combat
  4814 | D:5      | Found a staircase to the Ecumenical Temple.
  4830 | Temple   | Entered the Ecumenical Temple
  5088 | Temple   | Became a worshipper of Hepliaklqana the Forgotten
  5196 | D:5      | Found a basalt altar of Yredelemnul.
  5788 | D:5      | Reached skill level 1 in Stealth
  5996 | D:5      | Learned a level 4 spell: Ice Form
  5997 | D:6      | Found a white marble altar of Elyvilon.
  6023 | D:6      | Reached XP level 8. HP: 30/58 MP: 14/14
  6637 | D:6      | Reached * piety under Hepliaklqana
  6867 | D:7      | Reached skill level 1 in Ice Magic
  7029 | D:7      | Reached skill level 7 in Unarmed Combat
  7039 | D:7      | Reached skill level 5 in Transmutations
  7572 | D:7      | Reached ** piety under Hepliaklqana
  7573 | D:7      | Remembered your ancestor Shedsu-nefertum as a battlemage
  7870 | D:7      | Reached skill level 5 in Dodging
  8259 | D:8      | Found a sand-covered staircase.
  8265 | Ossuary  | Entered an ossuary
  8541 | Ossuary  | Noticed Menkaure
  8548 | Ossuary  | Killed Menkaure
  8549 | Ossuary  | Reached XP level 9. HP: 18/58 MP: 15/15
  8693 | Ossuary  | Learned a level 5 spell: Alistair's Intoxication
  8842 | D:8      | Noticed Maurice
  8851 | D:8      | Killed Maurice
  8852 | D:8      | Reached skill level 8 in Unarmed Combat
  9267 | D:8      | Reached skill level 5 in Spellcasting
  9792 | D:9      | Reached *** piety under Hepliaklqana
  9952 | D:9      | Found a staircase to the Lair.
  9953 | D:9      | Noticed a komodo dragon
  9957 | D:9      | Reached XP level 10. HP: 63/65 MP: 14/17
  9961 | D:9      | Reached skill level 5 in Fighting
  9961 | D:9      | Reached skill level 9 in Unarmed Combat
 10081 | D:9      | Noticed a kobold demonologist
 10089 | D:9      | Killed a kobold demonologist
 10425 | D:9      | Found a snail-covered altar of Cheibriados.
 10865 | D:10     | Entered Level 10 of the Dungeon
 10935 | D:10     | Reached skill level 5 in Poison Magic
 11020 | D:10     | Found a broken altar of Ashenzari.
 11021 | D:10     | Found a blossoming altar of Fedhas.
 11021 | D:10     | Noticed a two-headed ogre
 11036 | D:10     | Killed a two-headed ogre
 11037 | D:10     | Reached skill level 1 in Invocations
 11136 | D:10     | Reached skill level 10 in Unarmed Combat
 11267 | D:10     | Killed an unseen horror
 11351 | D:10     | Reached **** piety under Hepliaklqana
 11782 | Lair:1   | Entered Level 1 of the Lair of Beasts
 11790 | Lair:1   | Noticed a cane toad
 11795 | Lair:1   | Killed a cane toad
 11796 | Lair:1   | Reached XP level 11. HP: 55/72 MP: 14/19
 11927 | Lair:1   | Reached skill level 5 in Ice Magic
 12994 | Lair:2   | Noticed Amaemon
 12999 | Lair:2   | Killed Amaemon
 13005 | Lair:2   | Reached skill level 11 in Unarmed Combat
 13661 | Lair:2   | Learned a level 2 spell: Passwall
 13748 | Lair:2   | Reached ***** piety under Hepliaklqana
 13765 | Lair:2   | Found a hole to the Spider Nest.
 13770 | Lair:2   | Noticed a wolf spider
 13784 | Lair:2   | Slain by a jumping spider

Illustrated notes

Levels and vault maps discovered:
D:1:      dpeg_arrival_pits, layout_loops_ring, chequers_serial_rivers_small_a
D:2:      layout_basic
D:3:      layout_rooms, lightli_temple_of_fire, st_stairs_4, nicolae_titane
D:4:      layout_loops_ring, vehumet_altar_wand_db,
          nicolae_kikubaaqudgha_miasma_corner, chequers_serial_rivers_room_a,
          eino_tiny_chamber
D:5:      layout_basic, tso_altar, yredelemnul_altar_generic,
          minmay_temple_entry_mist
D:6:      layout_rooms, lemuel_crystal_altar
D:7:      layout_gridville
D:8:      layout_basic, nicolae_ossuary_entry_ruins, small_statue_alley_b,
          uniq_maurice
D:9:      layout_irregular_city, chei_slow_surprise, david_lair_shrubbed
D:10:     layout_roguey, nicolae_overflow_squiral, serial_bayou_crossing
Temple:   nicolae_temple_figure_eight
Lair:1:   layout_roguey, chequers_serial_rivers_small_3
Lair:2:   layout_regular_city, spider_nest_entry_funnel_web,
          minmay_lair_oklob_items, chequers_serial_rivers_large_a, uniq_amaemon

Skill      XL: |  1  2  3  4  5  6  7  8  9 10 11 |
---------------+----------------------------------+-----
Unarmed Combat | 4 5 6 7 8 10 11 | 11.2
Transmutations | 3 4 5 6 7 8 |  8.0
Fighting       | 2 3 4 5 6 |  6.4
Dodging        | 3 4 5 6 7 9 |  9.0
Spellcasting   | 3 4 5 6 |  6.5
Poison Magic   | 1 2 3 4 5 6 |  6.1
Stealth        | 1 2 3 4 |  4.6
Ice Magic      | 2 3 4 5 |  5.5
Invocations    | 2 3 |  3.3

Action                     |  1- 3 |  4- 6 |  7- 9 | 10-12 || total
---------------------------+-------+-------+-------+-------++-------
  Melee: Unarmed           |    95 |   214 |   319 |   162 ||   790
         Headbutt          |    14 |    37 |    56 |     8 ||   115
         Punch             |     1 |     5 |    17 |       ||    23
   Cast: Beastly Appendage |    18 |    38 |    45 |     7 ||   108
         Spider Form       |       |     2 |     3 |     5 ||    10
         Wereblood         |       |     1 |     5 |     2 ||     8
         Ice Form          |       |       |     1 |    15 ||    16
 Invoke: Ancestor Life: Ba |       |       |     1 |       ||     1
  Evoke: Wand              |       |       |     4 |       ||     4
    Use: Potion            |     4 |     3 |     1 |       ||     8
         Scroll            |     3 |     1 |    11 |     6 ||    21
   Stab: Sleeping          |     1 |     2 |       |     1 ||     4
         Paralysed         |       |       |    11 |       ||    11
         Distracted        |       |       |     2 |     5 ||     7
 Armour: Robe              |    12 |    23 |     6 |       ||    41
         Skin              |    11 |     2 |     3 |    29 ||    45
         Steam dragon scal |       |       |    32 |    15 ||    47
  Dodge: Dodged            |    52 |   138 |   255 |   148 ||   593

Table legend: (Time is in decaauts)
 A = Elapsed time spent in this place.
 B = Non-inter-level travel time spent in this place.
 C = Inter-level travel time spent in this place.
 D = Time resting spent in this place.
 E = Time spent auto-exploring this place.
 F = Levels seen in this place.
 G = Mean time per level.
                   A        B        C        D        E       F      G
               +--------+--------+--------+--------+--------+-----+--------+
         Total |  13631 |  12990 |    641 |   2421 |   8254 |  14 |  973.6 |
       Dungeon |  10900 |  10307 |    593 |   1605 |   7038 |  10 | 1090.0 |
        Temple |    283 |    259 |     24 |      0 |    203 |   1 |  283.0 |
          Lair |   1979 |   1956 |     23 |    678 |   1012 |   2 |  989.5 |
       Ossuary |    468 |    468 |      0 |    138 |      0 |   1 |  468.0 |
               +--------+--------+--------+--------+--------+-----+--------+

Top non-repeatable levels by time:
     D:5: 1497 daAuts
     D:7: 1445 daAuts
  Lair:1: 1326 daAuts
     D:4: 1240 daAuts
     D:9: 1137 daAuts
     D:2: 1092 daAuts
     D:8: 1068 daAuts
     D:1: 921 daAuts
     D:3: 896 daAuts
    D:10: 842 daAuts
     D:6: 758 daAuts
  Lair:2: 652 daAuts
 Ossuary: 468 daAuts
  Temple: 283 daAuts
